 Dungeon Crawl Stone Soup version 0.19.5 (webtiles) character file.

1926 JeffiDaFish the Chopper (level 8, -1/73 HPs)
             Began as a Minotaur Fighter on Dec 22, 2017.
             Was a Believer of Okawaru.
             Slain by Duvessa
             ... wielding a +0 short sword
              (3 damage)
             ... on level 6 of the Dungeon.
             The game lasted 00:13:40 (5168 turns).

JeffiDaFish the Chopper (Minotaur Fighter)          Turns: 5168, Time: 00:13:41

Health: -1/73      AC: 17    Str: 26    XL:     8   Next: 96%
Magic:  0/7        EV: 10    Int:  5    God:    Okawaru [**....]
Gold:   249        SH:  0    Dex: 12    Spells: 0 memorised, 7 levels left

rFire  + . .     SeeInvis .     a - +0 war axe
rCold  x . .     Gourm    .     q - +0 plate armour
rNeg   . . .     Faith    .     (no shield)
rPois  .         Spirit   +     (helmet restricted)
rElec  .         Reflect  .     j - +1 cloak
rCorr  .         Harm     .     (no gloves)
MR     .....                    b - +0 pair of boots
Stlth  ..........               k - amulet of guardian spirit
                                o - ring of fire
                                e - ring of stealth

@: mighty
A: retaliatory headbutt, horns 2
a: Heroism, Renounce Religion


You were on level 6 of the Dungeon.
You worshipped Okawaru.
Okawaru was pleased with you.
You were not hungry.

You visited 2 branches of the dungeon, and saw 7 of its levels.

You collected 249 gold pieces.

Inventory:

Hand Weapons
 a - a +0 war axe (weapon)
Armour
 b - a +0 pair of boots (worn)
 j - a +1 cloak (worn)
 q - a +0 plate armour (worn)
Jewellery
 e - a ring of stealth (left hand)
 k - an amulet of guardian spirit (around neck)
 o - a ring of fire (right hand)
Scrolls
 g - 7 scrolls of remove curse
 i - 2 scrolls of magic mapping
 m - 2 scrolls of identify
 p - a scroll of teleportation
Potions
 d - a potion of might
 l - a potion of flight
Comestibles
 c - 6 chunks of flesh
 f - 7 bread rations
 h - 3 beef jerkies
 n - 2 meat rations


   Skills:
 * Level 7.4 Fighting
 * Level 7.6 Axes
 * Level 7.6 Armour
 * Level 5.5 Dodging
 - Level 0.3 Stealth
   Level 5.1 Shields


You had 7 spell levels left.
You didn't know any spells.

Dungeon Overview and Level Annotations

Branches:
Dungeon (6/15)             Temple (1/1) D:4

Altars:
Gozag
Okawaru
Qazlal
Trog
Yredelemnul
The Shining One

Annotations:
D:6 Duvessa


Innate Abilities, Weirdness & Mutations

You reflexively headbutt those who attack you in melee.
You have a pair of horns on your head.


Message History

You kill the centaur!
Okawaru accepts your kill. Duvessa barely misses you.
The crimson imp blinks!
Duvessa hits you but does no damage.
Things that are here:
an uncursed short sword; an uncursed shortbow; 13 arrows You slash Duvessa!
Duvessa is heavily wounded.
Duvessa hits you with a short sword!
* * * LOW HITPOINT WARNING * * *
Duvessa hits you but does no damage.
You slash Duvessa!
Duvessa is severely wounded.
Duvessa hits you with a short sword.
* * * LOW HITPOINT WARNING * * *
Okay, then.
You closely miss Duvessa.
Duvessa is severely wounded.
Duvessa hits you with a short sword.
You die...

... .......#.....# #
..###.......#.....# #
....#..#####e....####
#...#......5...).....
#...#.#..............
#?... ..............
#.).# #.#######.....
#...####5# #.....
#...@ehS)# #.....
#..(###### #.....
#...# ###### #...#
#...# ##### #######
#...... #......
#......


You could see Duvessa (berserk), a crimson imp, an adder and a jackal.

Vanquished Creatures
  An orc warrior (D:6)
  A black bear (D:6)
  A necrophage (D:5)
  5 ogres
  2 centaurs (D:6)
  2 bullfrogs (D:6)
  3 scorpions
  A wyvern skeleton (D:6)
  Dowan (D:6)
  A howler monkey (D:4)
  A crimson imp (D:6)
  3 hounds
  A bullfrog zombie (D:6)
  3 orc priests
  Crazy Yiuf (D:2)
  2 orc wizards
  A centaur skeleton (D:3)
  4 worker ants
  A hound zombie (D:6)
  2 hound skeletons
  A worker ant zombie (D:6)
  4 gnolls
  3 adders (D:4)
  2 oozes
  A dart slug (D:1)
  5 worms
  2 leopard geckos
  20 orcs
  6 giant cockroaches
  7 hobgoblins
  5 jackals
  4 kobolds
  2 quokkas (D:4)
  A ball python (D:5)
  A ball python skeleton (D:4)
  11 bats
  7 frilled lizards
  7 goblins
  10 rats
136 creatures vanquished.

Notes
Turn   | Place    | Note
-------+----------+-------------------------------------------
     0 | D:1      | JeffiDaFish the Minotaur Fighter began the quest for the Orb.
     0 | D:1      | Reached XP level 1. HP: 19/19 MP: 0/0
    58 | D:1      | Reached XP level 2. HP: 26/27 MP: 1/1
   387 | D:1      | Reached XP level 3. HP: 33/33 MP: 2/2
  1096 | D:2      | Found a runed door.
  1100 | D:2      | Noticed Crazy Yiuf
  1106 | D:2      | Killed Crazy Yiuf
  1106 | D:2      | Reached XP level 4. HP: 19/40 MP: 3/3
  1997 | D:3      | Reached XP level 5. HP: 47/47 MP: 4/4
  1998 | D:3      | Reached skill level 1 in Dodging
  2304 | D:3      | Found an opulent altar of Gozag.
  2305 | D:3      | Found a basalt altar of Yredelemnul.
  2459 | D:4      | Reached skill level 5 in Armour
  2491 | D:4      | Reached XP level 6. HP: 35/53 MP: 5/5
  2580 | D:4      | Found a staircase to the Ecumenical Temple.
  2600 | D:4      | Reached skill level 5 in Shields
  2606 | D:4      | HP: 1/53 [orc priest/flail (5)]
  2608 | D:4      | Reached skill level 5 in Axes
  2941 | Temple   | Entered the Ecumenical Temple
  2956 | Temple   | Became a worshipper of Warmaster Okawaru
  3104 | D:4      | Got a distressingly furry scale mail
  3115 | D:4      | Identified the +0 scale mail of Magic {rElec rC- Regen+ Dex-3} (You took it off an orc on level 4 of the Dungeon)
  3285 | D:4      | Reached skill level 5 in Fighting
  3345 | D:4      | Reached XP level 7. HP: 19/61 MP: 6/6
  3572 | D:4      | Noticed a moth of wrath
  3575 | D:4      | Found a bloodstained altar of Trog.
  3783 | D:5      | Entered Level 5 of the Dungeon
  4048 | D:5      | Reached * piety under Okawaru
  4246 | D:5      | HP: 3/62 [ogre/giant club (8)]
  4247 | D:5      | Reached XP level 8. HP: 3/70 MP: 1/7
  4904 | D:6      | Reached ** piety under Okawaru
  4917 | D:6      | Noticed Duvessa
  5096 | D:6      | Reached skill level 5 in Dodging
  5106 | D:6      | Noticed Dowan
  5117 | D:6      | Killed Dowan
  5167 | D:6      | HP: 2/73 [Duvessa/short sword (4)]
  5168 | D:6      | Slain by Duvessa

Skill      XL: |  1  2  3  4  5  6  7  8 |
---------------+-------------------------+-----
Armour         | 4 5 6 7 |  7.6
Shields        | 4 5 |  5.1
Fighting       | 4 5 6 7 |  7.4
Axes           | 3 4 5 6 7 |  7.6
Dodging        | 1 2 3 5 |  5.5
Stealth        | |  0.3

Action                   |  1- 3 |  4- 6 |  7- 9 || total
-------------------------+-------+-------+-------++-------
Melee: War axe           |    76 |   139 |   149 ||   364
       Headbutt          |     8 |    24 |    26 ||    58
  Use: Scroll            |     5 |     6 |     1 ||    12
       Potion            |     4 |     1 |     2 ||     7
  Eat: Chunk             |     1 |     7 |     6 ||    14
Armor: Scale mail        |    35 |    62 |     6 ||   103
       Plate armour      |       |       |    85 ||    85
Dodge: Dodged            |    18 |    61 |    65 ||   144
Block: Shield            |    53 |    77 |       ||   130
